 Dungeon Crawl Stone Soup version 0.24.0-13-gcf9b3192b9 (webtiles) character file.

Game seed: 2711589287041656873, levelgen mode: deterministic

39 Matador8 the Vexing (level 3, -1/19 HPs)
             Began as a Vampire Enchanter on Nov 6, 2019.
             Slain by a gnoll (7 damage)
             ... on level 1 of the Dungeon.
             The game lasted 00:06:46 (1087 turns).

Matador8 the Vexing (Vampire Enchanter)             Turns: 1087, Time: 00:06:47

Health: -1/19      AC:  2    Str:  7    XL:     3   Next: 26%
Magic:  1/7        EV: 12    Int: 18    God:
Gold:   57         SH:  0    Dex: 14    Spells: 1/8 levels left

rFire    . . .     SeeInvis +   h - +3 dagger
rCold    + + .     Gourm    .   (no shield)
rNeg     + + +     Faith    .   b - +0 robe
rPois    ∞         Spirit   .   (no helmet)
rElec    .         Reflect  .   (no cloak)
rCorr    .         Harm     .   (no gloves)
MR       .....                  (no boots)
Stlth    +++++.....             (no amulet)
HPRegen  0.00/turn              (no ring)
MPRegen  0.10/turn              (no ring)

@: bloodless, regenerating quickly
A: no food, fangs 3, see invisible, unbreathing
a: Bat Form, Revivify


You were on level 1 of the Dungeon.
You were bloodless.

You visited 1 branch of the dungeon, and saw 2 of its levels.

You collected 57 gold pieces.

Inventory:

Hand Weapons
 a - a +1 dagger
 h - a +3 dagger (weapon)
Missiles
 j - 5 curare-tipped darts (quivered)
Armour
 b - a +0 robe (worn)
Jewellery
 g - a +4 ring of evasion {unknown}
Scrolls
 d - 2 scrolls of identify {unknown}
Potions
 c - 2 potions of might {unknown}
 e - a potion of resistance {unknown}
 f - a potion of haste {unknown}
 i - 2 potions of mutation {unknown}


   Skills:
 * Level 2.0 Short Blades
 - Level 2.1 Dodging
 - Level 4.4 Stealth
 - Level 3.0 Spellcasting
 + Level 4.7 Hexes


You had one spell level left.
You knew the following spells:

 Your Spells              Type           Power        Failure   Level  Hunger
a - Corona                Hex            ###....      2%          1    N/A
b - Confuse               Hex            ###.....     7%          3    N/A
c - Tukima's Dance        Hex            ###.....     7%          3    N/A

Your spell library contained the following spells:

 Spells                   Type           Power        Failure   Level  Hunger
 Ensorcelled Hibernation  Hex/Ice        ##....       10%         2    N/A
 Dazzling Spray           Conj/Hex       ##....       19%         3    N/A

Dungeon Overview and Level Annotations

Branches:
Dungeon (2/15)

Altars:
Dithmenos


Innate Abilities, Weirdness & Mutations

You do not eat.
You do not regenerate when monsters are visible.
You are frail without blood (-20% HP).
You can heal yourself when you bite living creatures.
You are immune to poison.
You have razor-sharp teeth.
You have supernaturally acute eyesight. (SInv)
You can survive without breathing.


Message History

The gnoll hits you with a +0 flail!
Ouch! That really hurt!
You see here a ration.
Casting: Confuse (safe; 7% risk of failure)
Confirm with . or Enter, or press ? or * to list all spells.
Aiming: Tukima's Dance (safe; 7% risk of failure)
Press: ? - help, Shift-Dir - straight line, f/p - gnoll
Aim: a gnoll, wielding a +0 flail (moderately wounded, chance to defeat MR: 66%)
The gnoll struggles to resist.
The gnoll barely misses you.
Casting: Tukima's Dance (safe; 7% risk of failure)
Confirm with . or Enter, or press ? or * to list all spells.
Aiming: Tukima's Dance (safe; 7% risk of failure)
Press: ? - help, Shift-Dir - straight line, f/p - gnoll
Aim: a gnoll, wielding a +0 flail (moderately wounded, chance to defeat MR: 66%)
The +0 flail dances into the air!
The gnoll barely misses you.
You hit the gnoll.
The gnoll is severely wounded.
Your +0 flail hits the gnoll but does no damage.
The gnoll hits you!
You die...

#### )..#
##.# #######
#.# #.....#
#.# #.....#
##.# #..(..#
.#.# #....@#
.#.# #.)..g#
.#.# #...(%#
##.#
######.....#
...#
#..........#
####
#..........#
###
##.......####
..#
#.....>..#
#.#
#........#


You could see a gnoll and a friendly +0 flail.

Vanquished Creatures
  A gnoll (D:2)
  A dart slug (D:1)
  A ball python (D:1)
  2 giant cockroaches (D:2)
  A hobgoblin (D:1)
  A quokka (D:2)
  6 bats
  A frilled lizard (D:2)
  7 goblins
  6 kobolds
  2 rats (D:1)
29 creatures vanquished.

Notes
Turn   | Place    | Note
-------+----------+-------------------------------------------
     0 | D:1      | Matador8 the Vampire Enchanter began the quest for the Orb.
     0 | D:1      | Reached XP level 1. HP: 13/13 MP: 3/3
   274 | D:1      | Reached XP level 2. HP: 16/19 MP: 2/5
   590 | D:2      | Found a shadowy altar of Dithmenos.
   699 | D:2      | Reached XP level 3. HP: 19/19 MP: 7/7
   711 | D:2      | Learned a level 3 spell: Confuse
   716 | D:2      | Learned a level 3 spell: Tukima's Dance
  1087 | D:1      | Slain by a gnoll

Levels and vault maps discovered:
D:1:      onia_arrival_mini_maze_b, layout_basic
D:2:      layout_loops_ring, gammafunk_temple_overflow_pools,
          nicolae_dithmenos_shadow_blocks, lemuel_blue_sif_altar, uniq_robin

Skill      XL: |  1  2  3 |
---------------+----------+-----
Spellcasting   | 3 |  3.0
Short Blades   | 2 |  2.0
Dodging        | |  2.1
Stealth        | |  4.4
Hexes          | |  4.7

Action                   || total
-------------------------++-------
Melee: Dagger            ||    70
       Bite              ||     9
 Cast: Corona            ||    18
       Confuse           ||     2
       Tukima's Dance    ||     2
 Abil: Exsanguinate      ||     1
 Stab: Sleeping          ||    11
Armor: Robe              ||    14
Dodge: Dodged            ||    39
